Map: Acropolis LE

Players

Snute

  • Race: Zerg Zerg
  • Spawn Location: 5:00

TLO - Winner!

  • Race: Zerg Zerg
  • Spawn Location: 11:00

Event: 2019 WCS Summer

VOD

Have the link to the VOD?

Description

Time

  • Played on: July 12, 2019, 11:57 a.m.
  • Length: 12:21

All games in this series

Show
View Real Time Build Order
Export as new Build Order

Snute Zerg 

Build Orders: Hatch First 

Get SALT Encoding   

  12  0:00  Drone  
  13  0:12  Overlord  
  13  0:17  Drone  
  14  0:30  Drone x2  
  14  0:34  Drone  
  17  0:52  Hatchery  
  17  0:53  Drone  
  17  0:56  Drone  
  18  1:07  Extractor  
  18  1:11  Spawning Pool  
  16  1:15  Drone  
  16  1:17  Drone  
  18  1:27  Drone  
  19  1:38  Overlord  
  19  1:49  Drone  
  20  1:57  Queen  
  20  2:00  Drone  
  23  2:03  Queen  
  23  2:04  Drone  
  26  2:10  Metabolic Boost  
  26  2:11  Drone  
  26  2:15  Drone  
  28  2:21  Drone  
  29  2:25  Drone  
  30  2:30  Baneling Nest  
  30  2:32  Zergling x2  
  30  2:38  Zergling x2  
  31  2:46  Overlord  
  31  2:48  Hatchery  
  30  2:53  Zergling x2  
  30  2:57  Overlord  
  31  3:05  Zergling x4  
  33  3:07  Zergling x6  
  33  3:10  Overlord  
  36  3:16  Zergling x4  
  36  3:17  Zergling x2  
  39  3:22  Baneling x4  
  39  3:26  Overlord  
  39  3:30  Zergling x2  
  39  3:31  Zergling x2  
  41  3:35  Baneling  
  41  3:39  Drone x2  
  42  3:42  Drone  
  42  3:44  Overlord  
  43  3:48  Baneling  
  43  3:53  Drone x3  
  46  4:02  Drone x4  
  43  4:07  Drone x2  
  43  4:08  Drone  
  43  4:11  Drone  
  43  4:13  Drone  
  43  4:15  Drone  
  45  4:19  Drone x2  
  45  4:22  Drone  
  47  4:25  Drone, Extractor  
  47  4:28  Lair  
  47  4:30  Drone  
  48  4:35  Drone  
  48  4:36  Drone, Evolution Chamber  
  48  4:37  Extractor  
  48  4:38  Drone  
  49  4:43  Roach Warren  
  49  4:45  Drone x2  
  50  4:46  Drone  
  50  4:48  Drone  
  50  4:49  Drone  
  50  4:51  Drone  
  54  4:55  Overlord  
  54  4:56  Drone  
  54  4:57  Drone  
  54  4:58  Drone  
  57  5:01  Drone  
  57  5:04  Zerg Missile Weapons Level 1  
  57  5:05  Overlord  
  58  5:07  Drone  
  58  5:12  Zergling x6  
  62  5:14  Drone x2  
  62  5:15  Drone  
  62  5:17  Drone  
  62  5:18  Drone  
  62  5:20  Drone  
  68  5:24  Drone x2  
  68  5:25  Extractor  
  68  5:26  Extractor  
  68  5:27  Glial Reconstitution  
  68  5:31  Drone x4  
  72  5:42  Pneumatized Carapace  
  72  5:44  Hatchery, Queen  
  73  5:51  Roach x4  
  73  5:53  Overlord  
  81  5:57  Overlord  
  81  6:05  Overlord  
  81  6:07  Overlord  
  81  6:12  Roach x4  
  81  6:16  Roach x4  
  97  6:19  Overlord  
  97  6:25  Roach  
  99  6:28  Roach x3  
  99  6:30  Roach x2  
  109  6:34  Roach  
  109  6:38  Roach x3  
  117  6:41  Roach x2  
  120  6:51  Ravager  
  121  6:56  Extractor  
  121  6:58  Zerg Missile Weapons Level 2  
  121  6:59  Roach x5  
  121  7:00  Overlord x3  
  128  7:20  Roach x12  
  152  7:23  Spore Crawler  
  152  7:25  Queen, Spore Crawler  
  152  7:26  Spore Crawler  
  151  7:34  Queen  
  151  7:36  Drone  
  152  7:38  Queen  
  152  7:40  Overlord  
  149  7:49  Roach x3  
  151  7:53  Overlord x2  
  151  8:00  Roach x4  
  159  8:08  Overlord  
  173  8:12  Roach x5  
  173  8:13  Roach x2  
  173  8:17  Roach  
  174  8:21  Overlord x3  
  174  8:27  Roach x3  
  174  8:30  Roach  
  174  8:32  Roach  
  174  8:33  Roach  
  184  8:37  Overlord  
  184  8:38  Overlord  
  184  8:42  Roach x3  
  175  8:57  Roach  
  175  8:58  Roach x8  
  153  9:10  Roach x7  
  153  9:16  Roach x3  
  159  9:20  Ravager  
  159  9:21  Ravager  
  157  9:26  Roach x2  
  157  9:30  Roach  
  163  9:32  Roach  
  163  9:33  Drone x2  
  163  9:35  Drone  
  163  9:36  Roach  
  170  9:40  Roach  
  170  9:44  Roach x2  
  176  9:48  Roach x2  
  174  9:54  Roach x3  
  174  9:59  Roach x3  
  160  10:06  Roach x3  
  160  10:07  Roach  
  156  10:13  Roach x3  
  138  10:18  Roach x2  
  138  10:20  Roach  
  116  10:21  Roach  
  112  10:30  Roach x5  
  122  10:36  Roach  
  124  10:43  Hatchery  
  124  10:48  Roach  
  125  10:50  Roach x3  
  125  10:52  Ravager  
  125  10:53  Ravager  
  125  10:55  Ravager  
  134  10:59  Roach x2  
  134  11:03  Roach x3  
  144  11:07  Roach  
  146  11:12  Roach  
  146  11:15  Roach x3  
  154  11:20  Roach x4  
  154  11:22  Ravager  
  163  11:29  Roach x3  
  169  11:38  Roach x4  
  177  11:53  Overseer x2  
  175  11:55  Roach x6  
  175  12:08  Overseer  
  165  12:11  Ravager x2  
Show
View Real Time Build Order
Export as new Build Order

TLO Zerg - Winner!

Build Orders: Hatch First, Lurkers 

Get SALT Encoding   

  12  0:00  Drone  
  13  0:12  Overlord  
  13  0:16  Drone  
  14  0:31  Drone x2  
  16  0:48  Hatchery  
  15  0:51  Drone  
  15  0:55  Drone  
  17  1:08  Spawning Pool  
  16  1:11  Drone  
  16  1:14  Drone  
  18  1:34  Hatchery  
  18  1:37  Drone  
  18  1:46  Drone  
  18  1:47  Drone  
  20  1:55  Queen  
  22  2:02  Queen  
  22  2:08  Overlord  
  24  2:11  Zergling x2  
  24  2:15  Zergling x2  
  26  2:20  Drone  
  27  2:23  Drone  
  27  2:27  Drone  
  29  2:30  Queen  
  29  2:32  Drone  
  29  2:35  Drone  
  29  2:36  Drone  
  34  2:46  Queen  
  34  2:50  Queen  
  38  2:53  Drone  
  38  2:55  Drone  
  40  3:01  Spine Crawler  
  40  3:02  Overlord  
  39  3:07  Zergling x4  
  39  3:11  Drone  
  42  3:13  Drone, Extractor  
  42  3:14  Extractor  
  42  3:16  Drone  
  42  3:21  Drone  
  42  3:22  Drone x2  
  42  3:27  Zergling x4  
  47  3:30  Drone x2  
  47  3:31  Drone  
  50  3:46  Spine Crawler, Overlord  
  49  3:55  Zergling x2  
  50  4:01  Drone  
  49  4:03  Overlord  
  49  4:06  Drone  
  49  4:07  Drone x2, Evolution Chamber  
  49  4:08  Drone  
  49  4:09  Drone  
  51  4:10  Drone  
  51  4:13  Drone x2  
  54  4:18  Lair, Overlord  
  54  4:23  Drone  
  53  4:25  Drone, Extractor  
  53  4:30  Drone  
  54  4:31  Drone  
  54  4:33  Zerg Missile Weapons Level 1  
  54  4:34  Drone  
  56  4:39  Drone, Roach Warren  
  56  4:41  Drone  
  56  4:44  Drone  
  58  4:50  Drone x2  
  58  4:51  Drone x2  
  62  4:53  Drone  
  62  4:55  Zergling x2  
  62  4:57  Drone x3  
  62  4:58  Drone  
  62  4:59  Drone  
  69  5:00  Drone  
  69  5:03  Drone  
  69  5:05  Drone, Extractor  
  69  5:06  Extractor  
  71  5:07  Drone  
  71  5:14  Overlord  
  71  5:15  Drone  
  71  5:19  Overseer  
  71  5:20  Glial Reconstitution  
  74  5:21  Roach  
  74  5:23  Overlord  
  74  5:24  Overlord  
  74  5:26  Overlord  
  74  5:27  Overlord  
  74  5:28  Overlord  
  74  5:35  Drone, Spire  
  73  5:36  Overseer  
  73  5:39  Drone  
  73  5:40  Drone  
  73  5:41  Extractor  
  73  5:42  Drone  
  75  5:43  Drone x2  
  75  5:46  Roach  
  75  5:48  Roach  
  83  5:50  Roach  
  83  5:51  Roach  
  83  5:56  Drone x2  
  86  5:57  Drone  
  86  5:58  Drone  
  86  6:00  Drone  
  86  6:01  Roach  
  91  6:05  Overlord  
  91  6:08  Roach x2  
  91  6:09  Roach x2  
  99  6:11  Overlord  
  99  6:14  Roach  
  99  6:18  Overlord  
  101  6:29  Zerg Missile Weapons Level 2  
  101  6:30  Overseer  
  101  6:31  Overseer  
  101  6:33  Overseer  
  100  6:46  Hatchery  
  99  6:47  Mutalisk x8  
  99  6:50  Roach  
  119  6:54  Roach x4  
  119  6:55  Roach  
  119  6:57  Roach  
  119  7:00  Roach  
  131  7:02  Roach  
  131  7:03  Roach x2  
  131  7:04  Overlord x2  
  131  7:07  Overlord  
  137  7:23  Overlord  
  137  7:24  Roach x8  
  137  7:26  Ravager x2  
  155  7:31  Roach  
  155  7:32  Roach x2  
  161  7:40  Roach  
  161  7:46  Roach  
  161  7:47  Roach x3  
  161  7:48  Overlord x2  
  161  7:49  Overlord  
  169  7:54  Overlord  
  169  7:59  Ravager x2  
  169  8:00  Ravager  
  169  8:01  Roach  
  169  8:03  Roach  
  169  8:05  Overlord x3  
  176  8:09  Roach  
  176  8:10  Roach x4  
  186  8:16  Roach x3  
  186  8:19  Roach  
  194  8:20  Roach x2  
  194  8:26  Roach  
  200  8:29  Overseer, Overlord  
  200  8:45  Zerg Ground Armor Level 1  
  198  8:48  Roach  
  198  8:54  Roach x6  
  196  8:57  Roach x2  
  196  8:58  Roach x3  
  196  9:02  Hydralisk Den, Roach  
  200  9:04  Roach  
  200  9:05  Roach  
  200  9:06  Roach  
  200  9:07  Roach  
  200  9:09  Roach  
  188  9:10  Roach x3  
  188  9:12  Roach x3  
  188  9:14  Roach  
  188  9:15  Roach x3  
  188  9:16  Roach  
  183  9:18  Roach  
  183  9:19  Roach  
  183  9:20  Roach  
  183  9:24  Roach x2  
  193  9:26  Roach  
  193  9:28  Drone  
  193  9:29  Drone x3  
  199  9:36  Lurker Den  
  199  9:38  Roach  
  200  9:49  Roach x2  
  194  9:53  Roach x2  
  194  9:54  Roach x2  
  194  9:55  Roach  
  194  9:56  Roach  
  194  9:58  Roach x2  
  200  10:00  Roach  
  200  10:03  Roach  
  200  10:04  Roach  
  200  10:05  Roach x3  
  192  10:08  Roach  
  192  10:09  Roach  
  192  10:10  Roach x3  
  192  10:11  Roach  
  192  10:13  Roach  
  180  10:15  Roach  
  180  10:16  Roach  
  180  10:17  Roach  
  180  10:19  Roach  
  164  10:23  Roach  
  164  10:24  Roach  
  164  10:25  Roach x2  
  159  10:29  Roach  
  159  10:31  Roach  
  159  10:32  Roach  
  159  10:34  Roach  
  159  10:35  Roach  
  166  10:37  Drone x3  
  169  10:43  Hydralisk x2  
  169  10:46  Hydralisk x2  
  177  10:50  Roach x2  
  177  10:52  Overseer  
  177  10:53  Overseer  
  181  11:00  Roach x5  
  191  11:05  Extractor  
  191  11:09  Spore Crawler  
  191  11:10  Lurker  
  190  11:15  Lurker, Spore Crawler  
  190  11:18  Lurker  
  191  11:23  Lurker  
  192  11:27  Roach  
  192  11:28  Roach x2  
  198  11:33  Overseer  
  194  11:56  Roach x2  
  194  12:01  Roach x2  
Tags
 
Add a new tag
Caveats
  • Supply blocks, unpowered buildings, or Contaminate may cause inaccurate times.
  • Supply counts are checked every 10 seconds.